 Dungeon Crawl Stone Soup version 0.20.1-1-g8b1a95d66d (webtiles) character file.

121 Ilyson the Ruffian (level 5, -2/45 (46) HPs)
             Began as a Ghoul Monk on Dec 18, 2017.
             Was a Believer of Qazlal.
             Slain by LadyOphelia's ghost (6 damage)
             ... on level 3 of the Dungeon.
             The game lasted 00:09:33 (2245 turns).

Ilyson the Ruffian (Ghoul Monk)                     Turns: 2245, Time: 00:09:34

HP:   -2/45 (46)    AC:  2    Str: 15    XL:     5   Next: 5%
MP:   4/4           EV: 13    Int:  5    God:    Qazlal [**....]
Gold: 41            SH:  3    Dex: 12    Spells: 4/4 levels left

rFire    . . .     SeeInvis .     - Unarmed
rCold    + . .     Gourm    .   (no shield)
rNeg     + + +     Faith    .   a - +0 robe
rPois    ∞         Spirit   .   (no helmet)
rElec    .         Reflect  .   (no cloak)
rCorr    .         Harm     .   (no gloves)
MR       .....                  (no boots)
Stlth    ++........             (no amulet)
Regen    0.0/turn               (no ring)
MPRegen  0.1/turn               (no ring)

@: rotting
A: rotting body, claws 1, carnivore 3, cold resistance 1, negative energy
resistance 3, inhibited regeneration, torment resistance, unbreathing
a: Upheaval, Renounce Religion


You were on level 3 of the Dungeon.
You worshipped Qazlal.
Qazlal was pleased with you.
You were not hungry.

You visited 1 branch of the dungeon, and saw 3 of its levels.

You collected 41 gold pieces.

Inventory:

Missiles
 c - 3 throwing nets (quivered)
Armour
 a - a +0 robe (worn)
Jewellery
 p - an uncursed amulet of regeneration {unknown}
Scrolls
 e - a scroll of recharging {unknown}
 h - 2 scrolls of enchant weapon {unknown}
 k - a scroll of amnesia {unknown}
 l - a scroll of blinking {unknown}
 o - 2 scrolls of identify {unknown}
Potions
 d - 2 potions of might
 g - a potion of haste {unknown}
 i - a potion of invisibility {unknown}
 j - a potion of curing {unknown}
 m - a potion of ambrosia {unknown}
 n - a potion of magic {unknown}
Comestibles
 b - 8 meat rations


   Skills:
 + Level 3.8 Fighting
 * Level 3.1 Dodging
 - Level 3.1 Stealth
 * Level 4.5 Unarmed Combat
 + Level 1.3 Invocations


You had 4 spell levels left.
You didn't know any spells.

Dungeon Overview and Level Annotations

Branches:
Dungeon (3/15)

Altars:
Qazlal

Annotations:
D:3 LadyOphelia's ghost, amateur DsGl


Innate Abilities, Weirdness & Mutations

Your body is rotting away.
You thrive on raw meat.
You are immune to poison.
You have sharp fingernails.
You are carnivorous and can eat meat at any time.
Your flesh is cold resistant. (rC+)
You are immune to negative energy. (rN+++)
You do not regenerate when monsters are visible.
You are immune to unholy pain and torment.
You can survive without breathing.


Message History

You feel your flesh rotting away.
You start resting.
HP restored.
Things that are here:
a club; a hobgoblin skeleton
There is a stone staircase leading down here.
You climb downwards.
Level annotation: LadyOphelia's ghost, amateur DsGl LadyOphelia's ghost hits you!
LadyOphelia's ghost hits you but does no damage.
There is a stone staircase leading up here.
You closely miss LadyOphelia's ghost. LadyOphelia's ghost hits you!
You closely miss LadyOphelia's ghost. LadyOphelia's ghost hits you!
* * * LOW HITPOINT WARNING * * *
You closely miss LadyOphelia's ghost. LadyOphelia's ghost hits you!
* * * LOW HITPOINT WARNING * * *
You barely miss LadyOphelia's ghost.
LadyOphelia's ghost is engulfed in freezing vapours.
LadyOphelia's ghost hits you.
You die...

###### ....###
#.#####...#
###......§W@#
.....#.##...#
###..#.##.)##
...........#
.####..###)..##
.......##.###.##
####...)## ##.#
......)#.# #g#
.........## ##.#


You could see LadyOphelia's ghost.

Vanquished Creatures
  Robin (D:3)
  5 adders (D:2)
  A worm (D:2)
  2 dart slugs (D:1)
  A leopard gecko (D:1)
  3 giant cockroaches
  15 goblins
  5 hobgoblins
  A quokka (D:3)
  2 ball pythons (D:1)
  6 bats
  5 frilled lizards
  4 kobolds
  6 rats
57 creatures vanquished.

Notes
Turn   | Place    | Note
-------+----------+-------------------------------------------
     0 | D:1      | Ilyson the Ghoul Monk began the quest for the Orb.
     0 | D:1      | Reached XP level 1. HP: 19/19 MP: 0/0
   165 | D:1      | Reached XP level 2. HP: 26/26 MP: 1/1
   461 | D:1      | Reached skill level 4 in Unarmed Combat
   574 | D:1      | Reached XP level 3. HP: 31/31 MP: 2/2
   790 | D:2      | Found a stormy altar of Qazlal.
   796 | D:2      | Became a worshipper of Qazlal Stormbringer
   796 | D:2      | Reached * piety under Qazlal
   796 | D:2      | Reached ** piety under Qazlal
  1098 | D:2      | Reached XP level 4. HP: 37/38 MP: 3/3
  1506 | D:3      | Noticed Robin
  1517 | D:3      | Reached skill level 1 in Invocations
  1537 | D:3      | Killed Robin
  1539 | D:3      | Reached XP level 5. HP: 15/45 MP: 4/4
  1730 | D:3      | Noticed LadyOphelia's ghost (amateur DsGl)
  2245 | D:3      | Slain by LadyOphelia's ghost

Skill      XL: |  1  2  3  4 |
---------------+-------------+-----
Unarmed Combat | 4 |  4.5
Stealth        | 3 |  3.1
Invocations    | 1 |  1.3
Dodging        | 3 |  3.1
Fighting       | |  3.8

Action                   |  1- 3 |  4- 6 || total
-------------------------+-------+-------++-------
Melee: Unarmed           |    74 |    69 ||   143
       Punch             |       |     1 ||     1
 Stab: Sleeping          |     8 |       ||     8
  Eat: Chunk             |     2 |     2 ||     4
Armor: Robe              |     6 |     7 ||    13
Dodge: Dodged            |    30 |    33 ||    63
Block: Other             |     1 |     5 ||     6
